 Dungeon Crawl Stone Soup version 0.23-a0-480-g1869896531 (webtiles) character file.

206 LostNumber the Caller (level 5, 0/39 HPs)
             Began as a Mummy Summoner on Nov 29, 2018.
             Was an Initiate of Okawaru.
             Killed by divine providence
             ... invoked by an orc priest
              (15 damage)
             ... on level 4 of the Dungeon.
             The game lasted 00:05:31 (6130 turns).

LostNumber the Caller (Mummy Summoner)              Turns: 6130, Time: 00:05:31

Health: 0/39       AC:  2    Str: 11    XL:     5   Next: 53%
Magic:  10/11      EV: 12    Int: 16    God:    Okawaru [......]
Gold:   149        SH:  0    Dex: 12    Spells: 2/12 levels left

rFire    x . .     SeeInvis .   b - +0 club
rCold    + . .     Gourm    .   (no shield)
rNeg     + + +     Faith    .   a - +0 robe
rPois    ∞         Spirit   .   (no helmet)
rElec    .         Reflect  .   (no cloak)
rCorr    .         Harm     .   (no gloves)
MR       .....                  (no boots)
Stlth    ++........             (no amulet)
HPRegen  0.13/turn              (no ring)
MPRegen  0.12/turn              (no ring)

@: no status effects
A: no food or potions, fire vulnerability, cold resistance 1, negative energy
resistance 3, torment resistance, unbreathing
a: Renounce Religion


You were on level 4 of the Dungeon.
You worshipped Okawaru.
Okawaru was noncommittal.
You were not hungry.

You visited 1 branch of the dungeon, and saw 4 of its levels.

You collected 149 gold pieces.

Inventory:

Hand Weapons
 b - a +0 club (weapon)
Armour
 a - a +0 robe (worn)
Jewellery
 h - a +2 ring of strength
 l - a cursed -5 ring of strength
Wands
 m - a wand of polymorph (7)
Scrolls
 c - 3 scrolls of identify {unknown}
 d - a scroll of fog {unknown}
 e - a scroll of remove curse {unknown}
 f - 4 scrolls of amnesia {unknown}
 g - a scroll of noise {unknown}
 i - 2 scrolls of blinking {unknown}
 j - a scroll of enchant weapon {unknown}
 k - a scroll of enchant armour {unknown}


   Skills:
 + Level 2.3 Fighting
 - Level 1.5 Dodging
 - Level 1.5 Stealth
 + Level 4.1 Spellcasting
 * Level 4.5 Summonings
 * Level 0.7 Ice Magic


You had 2 spell levels left.
You knew the following spells:

 Your Spells              Type           Power        Failure   Level  Hunger
a - Summon Small Mammal   Summ           ###.         2%          1    N/A
b - Call Imp              Summ           ###.....     3%          2    N/A
c - Call Canine Familiar  Summ           ###.....     8%          3    N/A
d - Summon Ice Beast      Ice/Summ       ##......     50%         4    N/A

Your spell library contained the following spells:

 Spells                   Type           Power        Failure   Level  Hunger
 Summon Guardian Golem    Hex/Summ       ##......     21%         3    N/A
 Summon Lightning Spire   Summ/Air       ##......     54%         4    N/A

Dungeon Overview and Level Annotations

Branches:
Dungeon (4/15)
 Temple: D:4-7

Altars:
Cheibriados
Elyvilon
Makhleb
Okawaru
Wu Jian
Zin
The Shining One


Innate Abilities, Weirdness & Mutations

You do not eat or drink.
Your flesh is vulnerable to fire.
You are immune to poison.
Your flesh is cold resistant. (rC+)
You are immune to negative energy. (rN+++)
You are immune to unholy pain and torment.
You can survive without breathing.


Message History

Gang up on whom?
Press: ? - help, Dir - move target cursor, f - orc priest
Aim: an orc priest, wielding a +0 falchion and wearing a +0 leather armour Attack!
The orc priest barely misses your hound.
Your hound bites the orc priest but does no damage.
The orc priest hits your hound with a +0 falchion!
Your hound bites the orc priest.
Your hound bites the orc priest but does no damage.
The orc priest barely misses your hound.
Your hound barely misses the orc priest.
Unknown command.
Your hound bites the orc priest. x2
The orc priest hits your hound with a +0 falchion!
Your hound dies!
Your hound's corpse disappears in a puff of smoke!
The orc priest shouts!
The orc priest mumbles some strange prayers to Beogh against you.
Beogh smites you!
You die...

#..............+...(...+
#.............##.......#
#.....##.####..[.....###
#...<.+..............#
#.....##....#........#
#.....##....#.....o..#
#.######..#.#.....o..#
#.######....#.####'###
#......@..#.#.# #.#
#########...#.# #.#
............####)#
#######.#.#.o..).#
#.......≈≈≈######
#.####.≈≈≈≈≈##
#......≈≈.†≈_#
######.≈≈≈≈≈##
##.≈≈≈##########


You could see an orc priest.

Vanquished Creatures
  A black bear (D:3)
  An orc priest (D:4)
  An adder (D:3)
  A worm (D:3)
  2 dart slugs
  4 orcs
  3 giant cockroaches
  9 goblins
  7 hobgoblins
  4 jackals
  4 kobolds
  A quokka (D:3)
  2 ball pythons
  2 bats
  3 frilled lizards
  5 rats
50 creatures vanquished.

Vanquished Creatures (collateral kills)
  A bullfrog skeleton (D:4)
  An adder (D:3)
  A worm (D:2)
  A dart slug (D:1)
  2 leopard geckos (D:1)
  6 orcs
  3 bats
  A giant cockroach (D:3)
  3 goblins
  3 hobgoblins
  3 jackals
  A quokka (D:3)
  2 kobolds
  3 rats
31 creatures vanquished.

Grand Total: 81 creatures vanquished

Notes
Turn   | Place    | Note
-------+----------+-------------------------------------------
     0 | D:1      | LostNumber the Mummy Summoner began the quest for the Orb.
     0 | D:1      | Reached XP level 1. HP: 13/13 MP: 4/4
   858 | D:1      | Reached XP level 2. HP: 20/20 MP: 3/5
   875 | D:1      | Learned a level 2 spell: Call Imp
  1534 | D:1      | Reached skill level 1 in Fighting
  1958 | D:2      | Reached XP level 3. HP: 26/26 MP: 2/7
  1963 | D:2      | Learned a level 3 spell: Call Canine Familiar
  2758 | D:2      | Found a white marble altar of Elyvilon.
  2768 | D:2      | Found a glowing golden altar of the Shining One.
  2769 | D:2      | Found a glowing silver altar of Zin.
  3153 | D:2      | Found a burning altar of Makhleb.
  3875 | D:3      | Noticed a black bear
  3886 | D:3      | Killed a black bear
  3886 | D:3      | Reached XP level 4. HP: 4/33 MP: 1/9
  4991 | D:3      | Found an ornate altar of the Wu Jian Council.
  5021 | D:3      | Reached XP level 5. HP: 34/38 MP: 6/10
  5285 | D:3      | Found an iron altar of Okawaru.
  5463 | D:3      | Became a worshipper of Warmaster Okawaru
  5513 | D:4      | Learned a level 4 spell: Summon Ice Beast
  5931 | D:4      | Found a snail-covered altar of Cheibriados.
  6130 | D:4      | Killed from afar by an orc priest

Vault maps used:
D:1:      saegor_arrival_under_anarchy
D:2:      good_gods_temple_1, overflow_temple_1_default
D:3:      marbit_many_paths, okawaru_altar_gauntlet_db
D:4:      kennysheep_slug_shrine, nicolae_overflow_hidden_temple,
          ashenzari_altar_1, minmay_goblin_kobold_house, uniq_edmund

Skill      XL: |  1  2  3  4  5 |
---------------+----------------+-----
Spellcasting   | 3 4 |  4.1
Fighting       | 1 2 |  2.3
Summonings     | 4 |  4.5
Dodging        | |  1.5
Stealth        | |  1.5
Ice Magic      | |  0.7

Action                   |  1- 3 |  4- 6 || total
-------------------------+-------+-------++-------
Melee: Club              |   143 |   109 ||   252
       Unarmed           |     5 |       ||     5
 Cast: Summon Small Mamm |    11 |       ||    11
       Call Imp          |    25 |     3 ||    28
       Call Canine Famil |     1 |    15 ||    16
 Stab: Sleeping          |     2 |       ||     2
       Distracted        |     1 |     1 ||     2
Armor: Robe              |    27 |    22 ||    49
Dodge: Dodged            |   125 |   102 ||   227

Table legend:
 A = Non-vault XP
 B = Vault XP
 C = Vault XP percentage of total XP
 D = Non-vault monster count
 E = Vault monster count
 F = Vault count percentage of total count
                 A         B        C        D         E       F
            +---------+---------+-------+---------+---------+-------
      Total |     276 |      19 |   6.4 |      73 |       8 |   9.9
            +---------+---------+-------+---------+---------+-------
        D:1 |      39 |       0 |   0.0 |      23 |       0 |   0.0
        D:2 |      39 |       0 |   0.0 |      25 |       0 |   0.0
        D:3 |     133 |      15 |  10.1 |      19 |       7 |  26.9
        D:4 |      65 |       4 |   5.8 |       6 |       1 |  14.3
            +---------+---------+-------+---------+---------+-------
